 Dungeon Crawl Stone Soup version 0.27-a0-1579-g97d2440184 (webtiles) character file.

Game seed: 1262298308052084709

80 Sin92 the Skirmisher (level 4, 0/31 HPs)
             Began as a Demonspawn Fighter on July 17, 2021.
             Slain by an orc (7 damage)
             ... on level 4 of the Dungeon.
             The game lasted 00:01:44 (2128 turns).

Sin92 the Skirmisher (Demonspawn Fighter)           Turns: 2128, Time: 00:01:45

Health: 0/31       AC:  7    Str: 17    XL:     4   Next: 18%
Magic:  4/4        EV:  7    Int: 10    God:
Gold:   64         SH:  9    Dex: 12    Spells: 3/3 levels left

rFire    + . .     SeeInvis .   a - +0 war axe
rCold    . . .     Faith    .   c - +0 kite shield
rNeg     . . .     Spirit   .   b - +0 scale mail
rPois    .         Reflect  .   (helmet restricted)
rElec    .         Harm     .   (no cloak)
rCorr    .         Rampage  .   (no gloves)
Will     .....     Clarity  +   j - +0 pair of boots
Stlth    ..........             (no amulet)
HPRegen  0.10/turn              (no ring)
MPRegen  0.09/turn              (no ring)

@: no status effects
A: horns 1, clarity, fire resistance 1, frail 1
a: no special abilities


You were on level 4 of the Dungeon.
You visited 1 branch of the dungeon, and saw 4 of its levels.

You collected 64 gold pieces.

Inventory:

Hand Weapons
 a - a +0 war axe (weapon)
Armour
 b - a +0 scale mail (worn)
 c - a +0 kite shield (worn)
 j - a +0 pair of boots (worn)
Scrolls
 e - a scroll of fear {unknown}
 g - a scroll of identify {unknown}
 h - 2 scrolls of teleportation {unknown}
 k - a scroll of enchant weapon {unknown}
 l - a scroll of enchant armour {unknown}
 n - a scroll of silence {unknown}
 p - a scroll of amnesia {unknown}
 s - a scroll of magic mapping {unknown}
Potions
 d - a potion of might
 f - 3 potions of attraction {unknown}
 i - 2 potions of mutation
 m - a potion of resistance {unknown}
 o - a potion of ambrosia {unknown}
 q - a potion of magic {unknown}
 r - a potion of lignification {unknown}


   Skills:
 + Level 3.4 Fighting
 * Level 2.7 Axes
 + Level 3.0 Armour
 + Level 1.1 Dodging
 + Level 3.0 Shields


You had 3 spell levels left.
You didn't know any spells.
Your spell library contained the following spells:

 Spells                   Type           Power      Damage    Failure   Level
 Summon Small Mammal      Summ           0%         N/A       99%         1
 Call Canine Familiar     Summ           0%         N/A       100%        3
 Summon Guardian Golem    Hex/Summ       0%         N/A       100%        3


Dungeon Overview and Level Annotations

Branches:
Dungeon (4/15)
 Temple: D:4-7

Altars:
Qazlal
Sif Muna


Innate Abilities, Weirdness & Mutations

You have a pair of small horns on your head.
You possess an exceptional clarity of mind.
Your flesh is heat resistant. (rF+)
You are frail. (-10% HP)


Message History

There are monsters nearby!
Unknown command.
There are monsters nearby!
You completely miss the orc warrior. The orc warrior closely misses you.
Unknown command.
There are monsters nearby!
You slash the orc warrior!
The orc warrior is moderately wounded.
You closely miss the orc. The orc hits you but does no damage.
The orc warrior closely misses you. You block the orc's attack.
You block the orc warrior's attack.
Unknown command.
There are monsters nearby!
You hit the orc warrior but do no damage.
The orc warrior is moderately wounded.
You closely miss the orc. You block the orc's attack.
The orc warrior hits you but does no damage.
The orc completely misses you.
Unknown command.
It was a potion of mutation.
You feel extremely strange.
You feel frail.
Your thoughts seem clearer.
You feel resistant to heat. You block the orc warrior's attack.
The orc hits you with a +0 club.
You closely miss the orc warrior.
You headbutt the orc warrior, but do no damage.
The orc warrior is moderately wounded.
You hit the orc but do no damage.
The orc warrior hits you with a +0 dire flail.
The orc hits you with a +0 club. You block the orc warrior's attack.
You closely miss the orc warrior.
The orc warrior is moderately wounded.
You slash the orc!
You kill the orc!
You block the orc warrior's attack. The orc warrior barely misses you.
You slash the orc warrior!
The orc warrior is severely wounded.
You hit the orc. The orc barely misses you.
The orc warrior hits you with a +0 dire flail!
* * * LOW HITPOINT WARNING * * *
The orc hits you with a +0 flail!
You die...

....##..........#
#..........##.#
.##.......# #
#.......#
#...(...#
####.##.#
#.#####.##.#
......oo##.####...
##@..$.>....#
#.#..#####.#
#.#.## #....
###.## #.# #.# ..#


You could see an orc warrior and an orc.

Vanquished Creatures
  4 adders
  2 dart slugs
  An orc (D:4)
  An endoplasm (D:1)
  A giant cockroach (D:1)
  3 goblins
  3 hobgoblins
  2 jackals (D:2)
  6 kobolds
  5 ball pythons (D:1)
  4 bats
  4 frilled lizards
  6 rats
42 creatures vanquished.

Notes
Turn   | Place    | Note
-------+----------+-------------------------------------------
     0 | D:1      | Sin92 the Demonspawn Fighter began the quest for the Orb.
     0 | D:1      | Reached XP level 1. HP: 18/18 MP: 1/1
   384 | D:1      | Gained mutation: You have a pair of small horns on your
                  | head. [demonic ancestry]
   384 | D:1      | Reached XP level 2. HP: 24/24 MP: 2/2
   409 | D:1      | Found a faded altar of an unknown god.
   723 | D:1      | Found a stormy altar of Qazlal.
   999 | D:2      | Reached XP level 3. HP: 29/29 MP: 3/3
  1122 | D:2      | You fall into a shaft and drop 1 floor!
  1200 | D:3      | Found a shimmering blue altar of Sif Muna.
  1200 | D:3      | Found a stormy altar of Qazlal.
  1441 | D:3      | Reached skill level 1 in Dodging
  1770 | D:3      | Reached XP level 4. HP: 34/35 MP: 4/4
  2118 | D:4      | Noticed an orc warrior
  2125 | D:4      | Gained mutation: You are frail. (-10% HP) [potion of
                  | mutation]
  2125 | D:4      | Gained mutation: You possess an exceptional clarity of
                  | mind. [potion of mutation]
  2125 | D:4      | Gained mutation: Your flesh is heat resistant. (rF+)
                  | [potion of mutation]
  2128 | D:4      | Slain by an orc

Illustrated notes

Levels and vault maps discovered:
D:1:      dpeg_arrival_more_subterranean_lakeside_camping, layout_loops_ring,
          hellmonk_ecumenical_altar_lost_god, kennysheep_flooded_box,
          minmay_hedge_maze
D:2:      layout_basic, serial_shops, nicolae_square_shop
D:3:      layout_basic, mainiacjoe_overflow_divided_tiny
D:4:      layout_loops_ring, nrook_uturn, lemuel_old_faithful, uniq_menkaure

Skill      XL: |  1  2  3 |
---------------+----------+-----
Axes           | 2 |  2.7
Armour         | 3 |  3.0
Shields        | 3 |  3.0
Dodging        | 1 |  1.1
Fighting       | |  3.4

Action                   |  1- 3 |  4- 6 || total
-------------------------+-------+-------++-------
Melee: War axe           |    86 |    11 ||    97
       Headbutt          |    11 |     3 ||    14
  Use: Potion            |       |     1 ||     1
Armor: Scale mail        |    41 |     5 ||    46
Dodge: Dodged            |    36 |     8 ||    44
Block: Kite shield       |    46 |     9 ||    55

Table legend: (Time is in decaauts)
 A = Elapsed time spent in this place.
 B = Non-inter-level travel time spent in this place.
 C = Inter-level travel time spent in this place.
 D = Time resting spent in this place.
 E = Time spent auto-exploring this place.
 F = Levels seen in this place.
 G = Mean time per level.
                   A        B        C        D        E       F      G
               +--------+--------+--------+--------+--------+-----+--------+
         Total |   2188 |   2155 |     33 |      0 |   1862 |   4 |  547.0 |
       Dungeon |   2188 |   2155 |     33 |      0 |   1862 |   4 |  547.0 |
               +--------+--------+--------+--------+--------+-----+--------+

Top non-repeatable levels by time:
     D:3: 933 daAuts
     D:1: 903 daAuts
     D:2: 254 daAuts
     D:4: 96 daAuts
